 Dungeon Crawl Stone Soup version 0.19-a0-1071-g4ed3155 (webtiles) character file.

1040 aronpayne the Skirmisher (level 8, -1/64 HPs)
             Began as a Human Fighter on Aug 5, 2016.
             Killed by nerve-wracking pain
             ... invoked by Grinder
              (9 damage)
             ... on level 6 of the Dungeon.
             The game lasted 00:20:53 (5472 turns).

aronpayne the Skirmisher (Human Fighter)            Turns: 5472, Time: 00:20:54

Health: -1/64      AC:  8    Str: 19 (21) XL:     8   Next: 49%
Magic:  10/10      EV:  9    Int:  6 (8)  God:
Gold:   65         SH:  9    Dex: 11 (14) Spells: 2 memorised, 4 levels left

rFire  + + .     SeeInvis .     a - +0 flail
rCold  + . .     Gourm    .     F - +0 scale mail of the End {rF+}
rNeg   . . .     Faith    .     c - +0 shield
rPois  +         Spirit   .     k - +0 helmet
rElec  +         Dismiss  .     (no cloak)
rCorr  +         Reflect  .     (no gloves)
SustAt .         Harm     .     (no boots)
MR     .....                    (no amulet)
Stlth  ..........               (no ring)
                                j - +3 ring of strength

@: resistant
A: no striking features
a: no special abilities


You were on level 6 of the Dungeon.
You were not hungry.

You visited 1 branch of the dungeon, and saw 6 of its levels.

You collected 245 gold pieces.
You spent 180 gold pieces at shops.

Inventory:

Hand Weapons
 a - a +0 flail (weapon)
Armour
 c - a +0 shield (worn)
 k - a +0 helmet (worn)
 F - the +0 scale mail of the End (worn) {rF+}
   (You bought it in a shop on level 7 of the Dungeon)

   It protects you from fire.
Jewellery
 h - an uncursed ring of teleportation
 j - a +3 ring of strength (left hand)
Wands
 x - a wand of random effects (13/48)
 y - a wand of enslavement (18/24)
 B - a wand of teleportation (2/9)
 C - a wand of disintegration (24/24)
Scrolls
 d - a scroll of enchant armour
 l - a scroll of amnesia
 n - 2 scrolls of remove curse
 p - a scroll of magic mapping
 q - a scroll of teleportation
 s - 4 scrolls of fear
 E - a scroll of blinking
Potions
 u - 2 potions of curing {unknown}
 v - a potion of magic {unknown}
 w - a potion of lignification {unknown}
 z - a potion of flight {unknown}
 A - a potion of ambrosia {unknown}
 D - a potion of agility {unknown}
Books
 r - a Young Poisoner's Handbook

   Spells                             Type                      Level
   a - Sting                          Conjuration/Poison           1
   b - Mephitic Cloud                 Conjuration/Poison/Air       3
   c - Olgreb's Toxic Radiance        Poison                       4
   d - Alistair's Intoxication        Transmutation/Poison         5
   e - Venom Bolt                     Conjuration/Poison           5
Comestibles
 f - 3 bread rations
 g - a chunk of flesh
 o - 7 meat rations


   Skills:
 * Level 5.8 Fighting
 + Level 4.4 Maces & Flails
 + Level 4.7 Armour
 + Level 3.0 Dodging
 - Level 0.2 Stealth
 + Level 4.8 Shields
 + Level 1.4 Spellcasting
 + Level 1.5 Poison Magic


You had 4 spell levels left.
You knew the following spells:

 Your Spells              Type           Power        Failure   Level  Hunger
a - Sting                 Conj/Pois      #...         100%        1    ##.....
b - Olgreb's Toxic Radia  Pois           #.......     100%        4    #####..


Dungeon Overview and Level Annotations

Branches:
Dungeon (7/15)
 Temple: D:4-7

Altars:
Xom
The Shining One

Shops:
D:7 **%}

Annotations:
D:6 Grinder


Message History

You hit Grinder.
Grinder is almost dead.
Grinder hits you.
You writhe in agony. x2
You hit Grinder but do no damage.
Grinder is almost dead.
Grinder hits you but does no damage.
Your scale mail of the End prevents you from hitting Grinder.
Grinder is almost dead.
Grinder gestures at you.
You struggle to resist.
Grinder blinks!
Grinder gestures at you. Pain shoots through your body!
* * * LOW HITPOINT WARNING * * *
You are too injured to fight recklessly!
Grinder gestures at you. Pain shoots through your body!
* * * LOW HITPOINT WARNING * * *
Grinder gestures at you. Pain shoots through your body!
You die...

############ #........5.#
####### ##........#.#
##......
+..######.#@#########.......
##..## #..............#####
###5######......<..##.# #
#...###.###.####.##.# #
#(#...#.## #.###.##.### #
#.#....># #...........##
#.....#.## ##.###..####.##
#......###.###.## #..# #...
#####..# ##...## #..# ###..


You could see Grinder.

Vanquished Creatures
  An ice beast (D:6)
  2 ogres
  2 giant frogs (D:6)
  2 scorpions
  A howler monkey (D:6)
  A jelly (D:7)
  A crimson imp (D:7)
  A quasit (D:7)
  2 hounds (D:7)
  A giant frog zombie (D:6)
  An orc wizard (D:6)
  A giant frog skeleton (D:4)
  Jessica (D:2)
  2 worker ants
  7 adders
  A shadow imp (D:3)
  2 adder zombies (D:7)
  An adder skeleton (D:7)
  5 worms
  2 dart slugs (D:3)
  2 giant geckos
  8 orcs
  3 ball pythons
  7 giant cockroaches
  10 goblins
  8 hobgoblins
  4 jackals (D:2)
  3 quokkas
  11 bats
  11 kobolds
  A quokka skeleton (D:4)
  7 rats
112 creatures vanquished.

Notes
Turn   | Place    | Note
-------+----------+-------------------------------------------
     0 | D:1      | aronpayne the Human Fighter began the quest for the Orb.
     0 | D:1      | Reached XP level 1. HP: 18/18 MP: 1/1
   137 | D:1      | Reached XP level 2. HP: 22/24 MP: 2/2
   588 | D:1      | Reached XP level 3. HP: 11/29 MP: 3/3
   944 | D:2      | Reached skill level 1 in Dodging
   953 | D:2      | Learned a level 1 spell: Sting
  1096 | D:2      | Noticed Jessica
  1105 | D:2      | Killed Jessica
  1105 | D:2      | Reached XP level 4. HP: 19/35 MP: 4/4
  1612 | D:2      | Reached XP level 5. HP: 42/42 MP: 5/5
  2077 | D:3      | Found a glowing golden altar of the Shining One.
  2140 | D:3      | Found a shimmering altar of Xom.
  2552 | D:3      | Reached skill level 4 in Fighting
  2602 | D:3      | Noticed an ogre
  2610 | D:3      | Killed an ogre
  2610 | D:3      | Reached XP level 6. HP: 18/48 MP: 6/6
  3226 | D:4      | You fall through a shaft for 3 floors!
  3275 | D:7      | Found Toozan's Food Boutique.
  3326 | D:7      | Reached XP level 7. HP: 55/55 MP: 7/7
  3685 | D:7      | Found Ynehich's General Store.
  3881 | D:7      | Found Xot Woum's Assorted Antiques.
  3942 | D:7      | Reached skill level 5 in Fighting
  4296 | D:7      | Bought a heavily runed scale mail for 180 gold pieces
  4306 | D:7      | Identified the cursed +0 scale mail of the End {rF+} (You bought it in a shop on level 7 of the Dungeon)
  4503 | D:7      | Found Goizoc's Gadget Boutique.
  4669 | D:6      | Learned a level 4 spell: Olgreb's Toxic Radiance
  4772 | D:6      | Reached XP level 8. HP: 41/63 MP: 8/8
  5119 | D:6      | Reached skill level 1 in Poison Magic
  5152 | D:6      | Reached skill level 1 in Spellcasting
  5396 | D:6      | Noticed Grinder
  5400 | D:6      | Paralysed by Grinder for 4 turns
  5411 | D:6      | Paralysed by Grinder for 6 turns
  5418 | D:6      | Paralysed by Grinder for 2 turns
  5472 | D:6      | Killed from afar by Grinder

Vault maps used:
D:1:      dpeg_arrival_orchard, wad_floor_pattern_untrapped
D:2:      uniq_jessica
D:3:      grunt_temple_overflow_open, first_bread
D:6:      lemuel_slime, uniq_edmund, uniq_grinder
D:7:      serial_shops, nicolae_shop_overgrown_old_shop, shop, shop, shop

Skill      XL: |  1  2  3  4  5  6  7  8 |
---------------+-------------------------+-----
Dodging        | 1 2 3 |  3.0
Maces & Flails | 3 4 |  4.4
Fighting       | 4 5 |  5.8
Armour         | 4 |  4.7
Shields        | 4 |  4.8
Poison Magic   | 1 |  1.5
Spellcasting   | 1 |  1.4
Stealth        | |  0.2

Action                   |  1- 3 |  4- 6 |  7- 9 || total
-------------------------+-------+-------+-------++-------
Melee: Flail             |   128 |   194 |   193 ||   515
  Use: Potion            |       |     2 |     4 ||     6
       Scroll            |       |       |    12 ||    12
  Eat: Chunk             |     1 |     6 |       ||     7
       Fruit             |       |     2 |       ||     2
       Beef jerky        |       |     2 |       ||     2
       Pizza             |       |     1 |       ||     1
       Bread ration      |       |       |     1 ||     1
Armor: Scale mail        |    75 |    74 |    94 ||   243
Dodge: Dodged            |    38 |    56 |    69 ||   163
Block: Shield            |    80 |   102 |    93 ||   275
